 Dungeon Crawl Stone Soup version 0.27-a0-1144-g0b7d3b79db (webtiles) character file.

Game seed: 6531775872275360647

34116 robertstho the Severer (level 13, -12/187 HPs)
             Began as a Minotaur Berserker on May 10, 2021.
             Was a High Priest of Trog.
             Mangled by a death yak (18 damage)
             ... on level 6 of the Lair of Beasts.
             The game lasted 00:22:00 (19710 turns).

robertstho the Severer (Minotaur Berserker)        Turns: 19710, Time: 00:22:00

Health: -12/187    AC: 20    Str: 25    XL:     13   Next: 40%
Magic:  0/12       EV: 10    Int:  5    God:    Trog [*****.]
Gold:   1499       SH:  0    Dex:  7    Spells: 12/12 levels left

rFire    + + +     SeeInvis .   Q - +5 battleaxe (vorpal)
rCold    . . .     Faith    .   (shield currently unavailable)
rNeg     . . .     Spirit   +   s - +0 chain mail {rPois}
rPois    +         Reflect  .   (helmet restricted)
rElec    .         Harm     .   (no cloak)
rCorr    .         Rampage  .   n - +0 pair of gloves
Will     +....                  N - +0 pair of boots
Stlth    ..........             d - amulet of guardian spirit
HPRegen  0.41/turn              I - +4 ring of protection
MPRegen  0.13/turn              z - ring "Bamuhytt" {rPois rF+++ Will+ Dex-4}

@: berserking, very quick
A: horns 2, retaliatory headbutt
a: Renounce Religion, Berserk, Trog's Hand, Brothers in Arms


You were on level 6 of the Lair of Beasts.
You worshipped Trog.
Trog was extremely pleased with you.
You visited 2 branches of the dungeon, and saw 17 of its levels.
You also visited: Bailey.

You collected 1499 gold pieces.

Inventory:

Hand Weapons
 i - a +0 flail of draining
 j - a +1 flail of holy wrath
 J - a +2 battleaxe of freezing
 Q - a +5 vorpal battleaxe (weapon)
 V - a +0 vorpal broad axe
Missiles
 f - 11 atropa-tipped darts
 A - 3 throwing nets
 B - a curare-tipped dart
Armour
 n - a +0 pair of gloves (worn)
 r - a +2 chain mail of fire resistance
 s - a +0 chain mail of poison resistance (worn)
 K - a +0 buckler of reflection
 N - a +0 pair of boots (worn)
 U - a +2 chain mail of cold resistance
Jewellery
 d - an amulet of guardian spirit (around neck)
 l - a ring of fire
 y - a ring of resist corrosion
 z - the ring "Bamuhytt" (right hand) {rPois rF+++ Will+ Dex-4}
   (You acquired it on level 4 of the Lair of Beasts)

   [ring of willpower]

   It affects your dexterity (-4).
   It renders you almost immune to fire.
   It protects you from poison.
   It increases your willpower.
 D - a +4 ring of evasion
 I - a +4 ring of protection (left hand)
Wands
 a - a wand of acid (10)
 q - a wand of digging (7)
 t - a wand of mindburst (13)
 G - a wand of iceblast (48)
Scrolls
 c - 2 scrolls of enchant armour
 m - 4 scrolls of magic mapping
 o - 3 scrolls of silence
 p - a scroll of immolation
 v - 2 scrolls of vulnerability
 w - 8 scrolls of fear
 x - 2 scrolls of fog
 E - 2 scrolls of teleportation
 H - a scroll of blinking
 L - a scroll of summoning
 M - a scroll of identify
 P - a scroll of enchant weapon
 R - 3 scrolls of amnesia {unknown}
Potions
 b - 5 potions of heal wounds
 e - 4 potions of invisibility
 g - a potion of cancellation
 h - 2 potions of attraction
 k - 2 potions of lignification
 u - 5 potions of haste
 C - 2 potions of curing
 F - 2 potions of resistance
 O - a potion of flight


   Skills:
 * Level 14.6 Fighting
 + Level 16.3 Axes
 * Level 14.6 Armour
 + Level 5.0 Dodging
 + Level 2.0 Stealth
 + Level 0.3 Evocations


You had 12 spell levels left.
You didn't know any spells.
Your spell library was empty.

Dungeon Overview and Level Annotations

Branches:
Dungeon (11/15)            Temple (0/1) D:7            Lair (6/6) D:9
 Shoals (0/4) Lair:4        Snake (0/4) Lair:4          Orc (0/2) D:11
 Bailey (visited)
  Slime: Lair:5-6

Altars:
Ashenzari
Cheibriados
Dithmenos
Elyvilon
Fedhas
Gozag
Hepliaklqana
Nemelex Xobeh
Okawaru
Qazlal
Trog
Vehumet
Zin
The Shining One

Shops:
D:1 [

Annotations:
Lair:4 2 transporters, exclusions: 2 ice statues and oklob plant, Nyzic's ghost, journeyman TrMo


Innate Abilities, Weirdness & Mutations

You have a pair of horns on your head.
You reflexively headbutt those who attack you in melee.


Message History

You hit the death yak. You barely miss the death yak. You hit the death yak.
A cane toad comes into view.
The death yak gores you!! The death yak gores you. The death yak gores you!
The cane toad moves out of view.
You hit the death yak.
The death yak is severely wounded.
You slice the death yak!! You hit the death yak but do no damage.
You slash the death yak! The death yak gores you!
The death yak gores you but does no damage.
The death yak barely misses you. You furiously retaliate!
You headbutt the death yak, but do no damage.
The death yak gores you but does no damage.
Unknown command.
Unknown command.
Your troll goes berserk!
The death yak gores you! The death yak closely misses you.
The death yak gores you but does no damage.
Unknown command.
A red film seems to cover your vision as you go berserk!
You feel yourself moving faster!
You feel mighty! The death yak gores you.
* * * LOW HITPOINT WARNING * * *
The death yak gores you but does no damage.
The death yak gores you!
* * * LOW HITPOINT WARNING * * *
Your troll bites the death yak!!
Your troll barely misses the death yak.
Your troll claws the death yak!
The death yak gores you.
* * * LOW HITPOINT WARNING * * *
The death yak gores you!
* * * LOW HITPOINT WARNING * * *
Unknown command.
You slash the death yak! You headbutt the death yak.
The death yak is severely wounded.
You hit the death yak but do no damage. You slash the death yak! x3
The death yak gores you!
* * * LOW HITPOINT WARNING * * *
Your troll bites the death yak!
Your troll claws the death yak!
The death yak dies!
Trog accepts your kill. The death yak gores you!!
You die...

.......♣..♣♣...
......)..........
..................
..................
..................
..................
..........†.......
..................
.........Y@Y......
.......<.†YYY.....
.........T.<......
..................
..................
..................
.#.#....#.........
..#...##.....####.
.....# #....#


You could see 5 death yaks and a friendly troll (summoned, berserk).

Vanquished Creatures
  Rupert (Lair:4)
  A catoblepas (Lair:5)
  4 hydras
  3 two-headed ogres
  Pikel (D:5)
  An orc knight (Bailey)
  A cyclops (D:11)
  An oklob plant (Lair:2)
  2 black mambas
  3 centaur zombies
  2 elephants
  A merfolk siren (Lair:4)
  Joseph (D:8)
  2 unseen horrors (D:11)
  6 cane toads
  Maggie (D:8)
  7 komodo dragons
  A rime drake (Lair:4)
  A polar bear (Lair:3)
  A troll (D:10)
  2 hornets
  A merfolk (Lair:4)
  A blink frog (Lair:2)
  A wraith (D:10)
  A shadow (D:11)
  34 yaks
  2 wyverns
  7 basilisks
  A steam dragon (Lair:5)
  Edmund (D:5)
  3 nagas (Lair:4)
  An acid dragon (D:11)
  9 water moccasins
  2 ice beasts
  2 sky beasts
  10 orc warriors
  A black bear (Lair:3)
  2 ogres
  7 wolves
  A necrophage (D:5)
  3 centaurs
  Blork the orc (D:5)
  A phantom (D:5)
  12 bullfrogs
  4 kobold brigands
  A gnoll sergeant (D:10)
  3 scorpions
  A wyvern skeleton (D:7)
  4 howler monkeys (D:9)
  19 wights
  5 electric eels
  10 orc priests
  2 hounds (D:6)
  3 jellies
  An iguana (D:6)
  2 centaur skeletons (D:5)
  6 orc wizards
  2 killer bee zombies
  A howler monkey zombie (D:5)
  5 gnolls (D:10)
  8 adders
  A shadow imp (D:6)
  An ufetubus (D:5)
  An adder skeleton (D:5)
  11 dart slugs
  57 orcs
  6 endoplasms
  4 giant cockroaches
  13 goblins
  4 hobgoblins
  7 jackals
  17 kobolds
  3 quokkas
  7 ball pythons
  6 bats
  4 frilled lizards
  8 rats
374 creatures vanquished.

Vanquished Creatures (collateral kills)
  2 hydras (Lair:3)
  A death yak (Lair:6)
  An orc knight (Bailey)
  5 elephants (Lair:3)
  A komodo dragon (Lair:3)
  A basilisk (Lair:3)
  An orc warrior (Bailey)
  3 wolves (Lair:3)
  A bullfrog (Lair:3)
  2 wights (D:8)
  9 orcs (Bailey)
27 creatures vanquished.

Vanquished Creatures (others)
  A kobold brigand (D:7)
  9 fungi
  20 plants
  6 toadstools (D:7)
36 creatures vanquished.

Grand Total: 437 creatures vanquished

Notes
Turn   | Place    | Note
-------+----------+-------------------------------------------
     0 | D:1      | robertstho the Minotaur Berserker began the quest for the
                  | Orb.
     0 | D:1      | Reached XP level 1. HP: 19/19 MP: 0/0
   230 | D:1      | Reached XP level 2. HP: 27/27 MP: 1/1
   505 | D:1      | Reached ** piety under Trog
   506 | D:1      | Reached skill level 4 in Axes
   531 | D:1      | Found a faded altar of an unknown god.
   548 | D:1      | Found Sicis's Armour Boutique.
   720 | D:2      | Reached XP level 3. HP: 21/34 MP: 2/2
  1396 | D:2      | Reached skill level 5 in Fighting
  1396 | D:2      | Reached XP level 4. HP: 42/42 MP: 3/3
  1536 | D:3      | Found a stormy altar of Qazlal.
  2224 | D:3      | Reached XP level 5. HP: 31/48 MP: 4/4
  2473 | D:3      | Reached skill level 5 in Axes
  2966 | D:4      | Reached *** piety under Trog
  2969 | D:4      | Found a glowing silver altar of Zin.
  3228 | D:4      | Found a snail-covered altar of Cheibriados.
  3387 | D:4      | Noticed an ogre
  3397 | D:4      | Killed an ogre
  3398 | D:4      | Reached XP level 6. HP: 40/56 MP: 5/5
  3650 | D:5      | Entered Level 5 of the Dungeon
  3681 | D:5      | Noticed Pikel
  3686 | D:5      | Reached skill level 6 in Axes
  3693 | D:5      | Killed Pikel
  3694 | D:5      | Reached skill level 7 in Axes
  3694 | D:5      | Reached skill level 5 in Armour
  3694 | D:5      | Reached XP level 7. HP: 52/64 MP: 6/6
  4096 | D:5      | Found an opulent altar of Gozag.
  4386 | D:5      | Found an iron altar of Okawaru.
  4498 | D:5      | Reached XP level 8. HP: 53/73 MP: 5/7
  4592 | D:5      | Noticed Edmund
  4605 | D:5      | Killed Edmund
  4606 | D:5      | Reached skill level 8 in Axes
  4608 | D:5      | Found a glowing golden altar of the Shining One.
  4721 | D:5      | Noticed Blork the orc
  4737 | D:5      | Killed Blork the orc
  5548 | D:6      | Reached skill level 9 in Axes
  5551 | D:6      | Reached **** piety under Trog
  5859 | D:6      | Reached XP level 9. HP: 81/81 MP: 6/8
  5953 | D:6      | Found a bloodstained altar of Trog.
  6067 | D:7      | Found a staircase to the Ecumenical Temple.
  6895 | D:7      | Reached skill level 10 in Axes
  7109 | D:7      | Found a large runed translucent door.
  7109 | D:7      | Found a large runed translucent door.
  7367 | D:7      | Found a hazy altar of Hepliaklqana.
  7370 | D:7      | Found a blossoming altar of Fedhas.
  7533 | D:8      | Noticed Joseph
  7544 | D:8      | Killed Joseph
  7545 | D:8      | Reached skill level 10 in Armour
  7857 | D:8      | Noticed Maggie
  7859 | D:8      | Noticed a two-headed ogre
  7865 | D:8      | Killed a two-headed ogre
  7866 | D:8      | Reached skill level 11 in Axes
  7866 | D:8      | Reached XP level 10. HP: 93/93 MP: 5/9
  7868 | D:8      | Killed Maggie
  7874 | D:8      | Reached skill level 10 in Fighting
  8059 | D:8      | Found a white marble altar of Elyvilon.
  8219 | D:8      | Reached ***** piety under Trog
  8476 | D:9      | Noticed a two-headed ogre
  8482 | D:9      | Killed a two-headed ogre
  8483 | D:9      | Reached skill level 12 in Axes
  8483 | D:9      | Reached skill level 1 in Stealth
  9074 | D:9      | Found a broken altar of Ashenzari.
  9126 | D:9      | Found a staircase to the Lair.
  9197 | D:9      | Found a radiant altar of Vehumet.
  9513 | D:10     | Entered Level 10 of the Dungeon
  9564 | D:10     | Received a gift from Trog
  9608 | D:10     | Noticed a two-headed ogre
  9616 | D:10     | HP: 3/124 [two-headed ogre/+0 giant spiked club (9)]
  9617 | D:10     | Killed a two-headed ogre
  9618 | D:10     | Reached XP level 11. HP: 2/97 MP: 1/10
 10311 | D:10     | Found a shadowy altar of Dithmenos.
 11133 | D:11     | Found a flagged portal.
 11151 | D:11     | Reached skill level 13 in Axes
 11173 | Bailey   | Entered a bailey
 11463 | Bailey   | Noticed an orc knight
 11463 | Bailey   | Noticed an orc knight
 11464 | Bailey   | Noticed an orc knight
 11476 | Bailey   | Killed an orc knight
 11484 | Bailey   | Killed an orc knight
 11486 | Bailey   | Noticed an orc knight
 11493 | Bailey   | Noticed an orc knight
 12465 | D:11     | Found a staircase to the Orcish Mines.
 12747 | Lair:1   | Entered Level 1 of the Lair of Beasts
 12749 | Lair:1   | Noticed a five-headed hydra
 12758 | Lair:1   | Killed an eight-headed hydra
 12837 | Lair:1   | Found a sparkling altar of Nemelex Xobeh.
 14181 | Lair:2   | Reached skill level 14 in Axes
 14181 | Lair:2   | Reached XP level 12. HP: 112/112 MP: 11/11
 14682 | Lair:2   | Noticed a five-headed hydra
 14689 | Lair:2   | Killed a nine-headed hydra
 15487 | Lair:2   | Reached skill level 15 in Axes
 15849 | Lair:3   | Noticed a four-headed hydra
 15850 | Lair:3   | Noticed a five-headed hydra
 15865 | Lair:3   | Killed a three-headed hydra
 15881 | Lair:3   | Killed a five-headed hydra
 16851 | Lair:4   | Noticed a dire elephant
 16862 | Lair:4   | Noticed Nyzic's ghost (journeyman TrMo)
 16887 | Lair:4   | Found a transporter.
 16887 | Lair:4   | Found a transporter.
 17048 | Lair:4   | Found a staircase to the Snake Pit.
 17055 | Lair:4   | Reached XP level 13. HP: 86/124 MP: 7/12
 17363 | Lair:4   | Noticed Rupert
 17381 | Lair:4   | Killed Rupert
 17382 | Lair:4   | Reached skill level 16 in Axes
 17419 | Lair:4   | Identified a scroll of acquirement
 17420 | Lair:4   | Acquired the ring "Bamuhytt" {rPois rF+++ Will+ Dex-4}
 18124 | Lair:4   | Found a staircase to the Shoals.
 19088 | Lair:5   | Received a gift from Trog
 19095 | Lair:5   | Reached skill level 5 in Dodging
 19694 | Lair:6   | Entered Level 6 of the Lair of Beasts
 19710 | Lair:6   | HP: 6/187 [death yak (13)]
 19710 | Lair:6   | Mangled by a death yak

Illustrated notes

Levels and vault maps discovered:
D:1:      onia_arrival_mini_maze_b, layout_loops_cross,
          hellmonk_ecumenical_altar_heavens_door, serial_shops, shop
D:2:      layout_basic, minmay_3d_cube
D:3:      kennysheep_slugbush, layout_basic, lemuel_round_altar
D:4:      layout_layer_cave, lemuel_tele_altar, cheibriados_altar_1
D:5:      layout_loops_corners, nicolae_overflow_crystal_walls,
          nicolae_gozag_seed_capital, amcnicky_altar_gilded,
          chequers_serial_rivers_micro_d, minmay_ogre_servants, uniq_pikel,
          uniq_edmund, uniq_blork_the_orc
D:6:      minmay_inner_zag, layout_rooms, lemuel_doored_altar,
          kennysheep_small_square
D:7:      layout_loops_ring, jmf_multi_god_temple2, minmay_temple_entry_wispy,
          minmay_gold_behind_fungi
D:8:      layout_rooms, elyvilon_altar_1, uniq_maggie, uniq_joseph
D:9:      layout_basic, kennysheep_little_box, marbit_many_paths,
          lair_entry_dummy
D:10:     layout_stronghold, grunt_dithmenos_smoke
D:11:     layout_rooms, hiddenorc1_lemuel, enter_bailey_5, minmay_holes
Lair:1:   layout_roguey, basic_altar, nicolae_quartered_pool_medium,
          serial_bayou_shore_a
Lair:2:   nzn_winding_woodlands_three_and_one
          [nzn_winding_woodlands_5x15_zeroes,
          nzn_winding_woodlands_5x15_longhouse,
          nzn_winding_woodlands_5x15_sawtooth,
          nzn_winding_woodlands_center_triple_pond], layout_small_grid,
          nicolae_lair_grove_arrangements
Lair:3:   layout_regular_city, st_stairs_10, lemuel_fruit_fields,
          grunt_megastairs_1
Lair:4:   layout_roguey, elwin_shoals_entry_rooms, guppyfry_snake_entry_garden,
          nzn_ghost_randoct, lemuel_fruit_fields, uniq_rupert
Lair:5:   layout_regular_city
Lair:6:   evil_forest, layout_regular_city, minmay_slime_entry_jelly_boxes

Skill      XL: |  1  2  3  4  5  6  7  8  9 10 11 12 13 |
---------------+----------------------------------------+-----
Fighting       | 4 5 6 7 8 9 10 12 14 | 14.6
Axes           | 4 5 7 9 11 12 14 15 16 | 16.3
Armour         | 3 4 5 6 8 10 11 13 14 | 14.6
Dodging        | 3 4 5 |  5.0
Stealth        | 1 2 |  2.0
Evocations     | |  0.3

Action                   |  1- 3 |  4- 6 |  7- 9 | 10-12 | 13-15 || total
-------------------------+-------+-------+-------+-------+-------++-------
Melee: Hand axe          |    83 |   107 |   164 |       |       ||   354
       Headbutt          |    11 |    29 |    54 |    76 |    23 ||   193
       War axe           |       |       |    26 |       |       ||    26
       Battleaxe         |       |       |    92 |   389 |    48 ||   529
       Broad axe         |       |       |       |       |    66 ||    66
Invok: Berserk           |       |     3 |     9 |    13 |     4 ||    29
       Brothers in Arms  |       |       |       |     5 |     1 ||     6
       Trog's Hand       |       |       |       |     3 |       ||     3
Evoke: Wand              |       |       |       |     4 |       ||     4
  Use: Scroll            |       |     2 |     5 |    19 |     2 ||    28
       Potion            |       |       |       |     1 |       ||     1
Armor: Animal skin       |     1 |       |       |       |       ||     1
       Ring mail         |    30 |     1 |       |       |       ||    31
       Chain mail        |       |    55 |   163 |   273 |    69 ||   560
Dodge: Dodged            |    44 |    59 |   105 |   333 |    55 ||   596

Table legend: (Time is in decaauts)
 A = Elapsed time spent in this place.
 B = Non-inter-level travel time spent in this place.
 C = Inter-level travel time spent in this place.
 D = Time resting spent in this place.
 E = Time spent auto-exploring this place.
 F = Levels seen in this place.
 G = Mean time per level.
                   A        B        C        D        E       F      G
               +--------+--------+--------+--------+--------+-----+--------+
         Total |  20023 |  19243 |    780 |   1694 |  15198 |  18 | 1112.4 |
       Dungeon |  12639 |  12114 |    525 |    803 |   9785 |  11 | 1149.0 |
          Lair |   7035 |   6781 |    254 |    891 |   5196 |   6 | 1172.5 |
        Bailey |    348 |    348 |      0 |      0 |    216 |   1 |  348.0 |
               +--------+--------+--------+--------+--------+-----+--------+

Top non-repeatable levels by time:
  Lair:4: 1780 daAuts
  Lair:2: 1707 daAuts
     D:9: 1484 daAuts
     D:7: 1454 daAuts
    D:11: 1439 daAuts
     D:5: 1433 daAuts
  Lair:1: 1292 daAuts
  Lair:5: 1282 daAuts
     D:3: 1200 daAuts
    D:10: 1165 daAuts
     D:2: 1073 daAuts
     D:8: 1021 daAuts
  Lair:3: 958 daAuts
     D:6: 955 daAuts
     D:4: 714 daAuts
